Map: Lost and Found LE

Players

Elazer

  • Race: Zerg Zerg
  • Spawn Location: 7:00

Reynor - Winner!

  • Race: Zerg Zerg
  • League: Master
  • Spawn Location: 1:00

Event: HomeStory Cup XVIII

VOD

Have the link to the VOD?

Description

Time

  • Played on: Nov. 22, 2018, 6:08 p.m.
  • Length: 10:38

All games in this series

Show
View Real Time Build Order
Export as new Build Order

Elazer Zerg 

Build Orders: Hatch First 

Get SALT Encoding   

  12  0:01  Drone  
  13  0:12  Overlord  
  13  0:16  Drone  
  14  0:30  Drone x2  
  16  0:47  Hatchery  
  15  0:50  Drone  
  15  0:54  Drone  
  17  0:57  Drone  
  18  1:07  Extractor  
  17  1:13  Spawning Pool  
  17  1:15  Drone  
  17  1:19  Drone  
  18  1:28  Drone  
  19  1:39  Drone  
  20  1:49  Drone  
  21  1:59  Queen x2  
  21  2:00  Drone x2  
  27  2:04  Evolution Chamber  
  26  2:10  Overlord  
  26  2:14  Drone  
  27  2:21  Drone  
  28  2:30  Drone  
  28  2:31  Zerg Ground Armor Level 1  
  28  2:32  Drone x2  
  31  2:37  Queen  
  31  2:42  Overlord  
  34  2:44  Drone  
  34  2:53  Drone  
  34  2:54  Drone  
  36  3:04  Drone  
  36  3:05  Drone  
  38  3:10  Drone x6  
  38  3:12  Metabolic Boost  
  44  3:27  Baneling Nest, Hatchery  
  43  3:28  Overlord  
  43  3:32  Zergling x4  
  44  3:41  Overlord  
  44  3:42  Overlord  
  44  3:46  Zergling x10  
  49  4:00  Zergling x2  
  49  4:01  Zergling x6  
  53  4:04  Extractor  
  53  4:08  Overlord  
  52  4:12  Baneling x2  
  52  4:13  Baneling x2  
  52  4:16  Zergling x8  
  56  4:20  Zergling x2  
  57  4:24  Zergling x2  
  57  4:25  Zergling x4  
  57  4:28  Overlord  
  60  4:32  Drone  
  60  4:35  Drone  
  60  4:36  Zerg Missile Weapons Level 1  
  62  4:42  Roach Warren  
  59  4:46  Zergling x10  
  62  4:56  Overlord  
  62  4:58  Queen, Drone x5  
  63  5:06  Drone  
  63  5:08  Drone x2  
  63  5:12  Queen  
  63  5:13  Overlord  
  67  5:19  Lair  
  67  5:20  Drone  
  68  5:22  Drone  
  68  5:26  Extractor  
  67  5:31  Drone x2  
  67  5:32  Drone  
  67  5:35  Overlord  
  70  5:43  Drone x5  
  75  5:51  Overlord  
  75  5:53  Roach  
  77  5:57  Overlord  
  77  5:59  Roach  
  77  6:03  Roach x3  
  85  6:08  Drone x3  
  88  6:15  Drone x2  
  88  6:18  Glial Reconstitution  
  90  6:26  Roach x5  
  90  6:31  Overlord  
  90  6:32  Roach x4  
  108  6:33  Roach  
  108  6:36  Zerg Missile Weapons Level 2  
  108  6:38  Roach  
  112  6:40  Roach  
  112  6:45  Queen  
  111  6:51  Roach x4  
  115  6:55  Roach x2  
  115  6:58  Extractor  
  115  7:00  Drone  
  115  7:01  Drone x2  
  120  7:03  Extractor  
  120  7:04  Drone x3  
  120  7:05  Overlord  
  122  7:10  Overlord x2  
  122  7:15  Overlord  
  122  7:16  Overlord  
  122  7:29  Roach x6  
  131  7:35  Overlord  
  131  7:36  Roach  
  141  7:37  Roach x4  
  141  7:40  Overlord  
  141  7:41  Ravager x2  
  143  7:46  Roach x3  
  147  7:59  Roach x5  
  147  8:03  Drone x5  
  142  8:13  Roach  
  142  8:14  Roach x4  
  142  8:19  Roach  
  132  8:28  Roach  
  132  8:34  Roach x12  
  147  8:45  Roach x3  
  152  8:55  Roach x2  
  150  9:00  Roach x2  
  150  9:02  Ravager  
  153  9:03  Ravager  
  153  9:04  Extractor  
  153  9:05  Overlord  
  153  9:07  Roach  
  155  9:12  Roach x6  
  155  9:13  Hatchery  
  155  9:14  Ravager  
  155  9:15  Overlord  
  161  9:31  Roach x7  
  146  9:37  Roach  
  138  9:41  Roach x6  
  124  9:46  Roach x3  
  114  9:53  Roach  
  114  9:54  Roach  
  114  9:56  Queen  
  103  10:01  Roach  
  103  10:02  Roach  
  105  10:09  Roach x2  
  105  10:13  Roach  
  101  10:16  Roach x6  
Show
View Real Time Build Order
Export as new Build Order

Reynor Zerg - Winner!

Build Orders: Hatch First 

Get SALT Encoding   

  12  0:00  Drone  
  13  0:12  Overlord  
  13  0:17  Drone  
  14  0:30  Drone x2  
  14  0:34  Drone  
  17  0:51  Hatchery  
  17  0:54  Drone  
  17  0:57  Drone  
  18  1:08  Extractor  
  17  1:12  Spawning Pool  
  17  1:14  Drone  
  17  1:18  Drone  
  18  1:28  Drone  
  19  1:38  Drone  
  20  1:49  Drone  
  20  1:53  Evolution Chamber  
  20  2:00  Drone  
  21  2:02  Queen, Drone  
  21  2:03  Queen  
  26  2:12  Drone  
  26  2:13  Drone  
  28  2:24  Overlord  
  28  2:28  Zerg Ground Armor Level 1  
  28  2:31  Extractor  
  28  2:32  Drone  
  28  2:36  Overlord  
  29  2:43  Drone x2  
  31  2:44  Queen  
  31  2:47  Drone  
  34  2:54  Drone  
  34  2:57  Drone  
  36  3:04  Drone  
  36  3:05  Metabolic Boost  
  37  3:08  Drone  
  37  3:12  Drone  
  39  3:21  Drone, Hatchery  
  39  3:22  Drone x2  
  39  3:25  Overlord  
  41  3:29  Zergling x4  
  41  3:32  Zergling x2  
  44  3:38  Overlord  
  44  3:48  Zergling x4  
  44  3:49  Zergling x4  
  44  3:52  Drone x2  
  44  3:55  Drone  
  51  3:56  Queen  
  51  3:57  Drone x2  
  51  4:02  Drone  
  56  4:03  Drone  
  57  4:13  Roach Warren  
  57  4:14  Drone, Lair  
  57  4:15  Drone  
  58  4:23  Zerg Missile Weapons Level 1  
  58  4:24  Drone  
  58  4:25  Extractor  
  58  4:26  Drone x2  
  58  4:27  Extractor, Overlord  
  59  4:33  Zergling x6  
  59  4:35  Evolution Chamber  
  59  4:37  Evolution Chamber, Zergling x2  
  61  4:41  Queen  
  61  4:43  Zergling x2  
  64  4:49  Zergling x4  
  65  4:58  Drone  
  62  5:00  Overlord  
  60  5:15  Glial Reconstitution  
  60  5:16  Queen  
  60  5:20  Roach x5  
  72  5:29  Roach x2  
  72  5:30  Overlord  
  72  5:32  Overlord  
  71  5:45  Roach x2  
  71  5:49  Roach  
  77  5:51  Roach x3  
  77  5:54  Roach x2  
  87  5:57  Roach, Hatchery  
  87  5:58  Roach x2  
  92  6:06  Overlord  
  91  6:17  Roach  
  92  6:18  Overlord  
  92  6:20  Zerg Missile Weapons Level 2  
  94  6:25  Roach  
  94  6:26  Roach  
  94  6:28  Zergling x8  
  100  6:35  Overlord  
  100  6:39  Roach x2  
  104  6:40  Drone  
  104  6:43  Drone  
  104  6:45  Extractor  
  97  6:54  Roach x2  
  101  7:01  Drone x3  
  101  7:04  Drone x2  
  101  7:06  Drone, Zerg Ground Armor Level 2  
  101  7:07  Drone x2  
  109  7:11  Drone  
  109  7:15  Drone  
  111  7:16  Drone  
  112  7:23  Roach  
  112  7:26  Roach  
  115  7:31  Roach  
  115  7:33  Roach  
  115  7:35  Overlord x3  
  115  7:36  Overlord  
  119  7:37  Overseer  
  119  7:43  Roach  
  121  7:47  Overlord  
  121  7:54  Roach x5  
  121  7:55  Roach x2  
  134  8:01  Roach x2  
  136  8:07  Roach x7  
  136  8:11  Roach x4  
  152  8:18  Roach  
  140  8:23  Roach x2  
  136  8:29  Roach x2  
  136  8:33  Roach x4  
  142  8:40  Roach x4  
  148  8:51  Roach x4  
  148  8:52  Roach  
  157  8:55  Roach  
  157  9:01  Roach x3  
  157  9:02  Overlord  
  161  9:04  Overlord  
  161  9:09  Ravager  
  162  9:10  Overlord  
  160  9:24  Roach  
  160  9:25  Roach x6  
  160  9:31  Roach x3  
  160  9:37  Roach x3  
  158  9:41  Roach  
  158  9:43  Roach  
  136  9:47  Roach x2  
  136  9:50  Roach  
  136  9:51  Zergling x6  
  136  9:52  Zergling x4  
  133  9:53  Roach  
  133  9:56  Roach  
  133  9:58  Roach x2, Zergling x2  
  132  10:02  Roach  
  132  10:04  Roach  
  132  10:07  Roach  
  132  10:13  Roach  
  122  10:16  Roach  
  122  10:18  Roach  
  125  10:21  Ravager  
Tags
 
Add a new tag
Caveats
  • Supply blocks, unpowered buildings, or Contaminate may cause inaccurate times.
  • Supply counts are checked every 10 seconds.